 Dungeon Crawl Stone Soup version 0.31-a0-654-gbe3e110b4e (webtiles) character file.

Game seed: 1673705724320942435

0 kae the Firebug (level 1, 0/10 HPs)
             Began as a Tengu Fire Elementalist on Aug 29, 2023.
             Slain by a quokka (5 damage)
             ... on level 1 of the Dungeon.
             The game lasted 00:00:16 (61 turns).

kae the Firebug (Tengu Fire Elementalist)             Turns: 61, Time: 00:00:16

Health: 0/10       AC:  2    Str:  8    XL:     1   Next: 0%
Magic:  3/4        EV: 12    Int: 15    God:
Gold:   0          SH:  0    Dex: 14    Spells: 3/4 levels left

rFire   . . .        (no weapon)
rCold   . . .        (no shield)
rNeg    . . .        a - +0 robe
rPois   .            (helmet restricted)
rElec   .            (no cloak)
rCorr   .            (no gloves)
SInv    .            (boots unavailable)
Will    .....        (no amulet)
Stlth   ++           (no ring)
HPRegen 0.21/turn    (no ring)
MPRegen 0.09/turn

%: no passive effects
@: no status effects
A: beak, talons 3
a: no special abilities


You were on level 1 of the Dungeon.
You visited 1 branch of the dungeon, and saw 1 of its levels.


Innate Abilities, Weirdness & Mutations

You have a beak for a mouth.
You have claws for feet.


   Skills:
 - Level 2.1 Dodging
 - Level 2.0 Stealth
 + Level 2.0 Spellcasting
 * Level 1.3 Conjurations
 * Level 3.2 Fire Magic


You had 3 spell levels left.
You knew the following spells:

 Your Spells              Type           Power      Damage    Failure   Level
a - Foxfire               Conj/Fire      32%        2x1d5     9%          1

Your spell library contained the following spells:

 Spells                   Type           Power      Damage    Failure   Level
 Scorch                   Fire           22%        2d5       9%          2
 Inner Flame              Hex/Fire       6%         N/A       34%         3
 Volatile Blastmotes      Fire/Tloc      12%        2d11      34%         3
 Flame Wave               Conj/Fire      8%         2d5       65%         4

Inventory:

Missiles
 c - 10 stones
Armour
 a - a +0 robe (worn)
Potions
 b - a potion of magic

Dungeon Overview and Level Annotations

Branches:
Dungeon (1/15) Zot: 5938

Altars:

..#..###..####.....##.....##
#. #.....#....#..#...#. #
#...>.#...#....#.#...
.####...###..#......#.. .
.$....#.###.#......# ..
.........###........
.####.#..########### #.#...#
#.##@.# #r.# #..# #..# #..#
#..# .... ...#


You could see a quokka.


Message History

Lua error: /dgldir/rcfiles/crawl-git/kae.rc:525: unexpected symbol near '#' 🤖 Initializing magus.rc ...
Bad monster_list_colour key: strict_neutral Bad channel name 'pray' for runrest: 'pray:' Options error: Missing colour in message_colour setting: 'that.*feels deathly cold' Options error: Missing colour in message_colour setting: 'and you must be Full or above to equip it' Options error: Missing colour in message_colour setting: 'but rights himself reflexively soon after' Options error: Missing colour in message_colour setting: 'before it is too late' ✅ Successfully initialized magus.rc [v1.11.3] Welcome, kae the Tengu Fire Elementalist.
It's a long way down to the Orb of Zot, but that shouldn't be any trouble.
Press ? for a list of commands and other information.
Found 4 stones.
Found a staircase leading out of the dungeon.
c - 4 stones Key pressed, stopping explore.
Unknown command.
c - 10 stones (gained 6)
Found a stone staircase leading down.
A quokka comes into view.
A quokka is nearby!
A quokka is nearby!
Casting: Foxfire (safe; 9% risk of failure)
Confirm with . or Enter, or press ? or * to list all spells.
You conjure some foxfire!
The foxfire hits the quokka. x2 😎 MP[-1]
You lost 1 mp, and now have 3/4 mp.
Okay, then.
You are a level 1 Tengu Fire Elementalist.
You are 0% of the way to level 2.
Play time: 00:00:09 (57 turns).
Zot will find you in 5943 turns if you stay in this branch and explore no new floors.
You are a level 1 Tengu Fire Elementalist.
You are 0% of the way to level 2.
Play time: 00:00:10 (57 turns).
Zot will find you in 5943 turns if you stay in this branch and explore no new floors.
Okay, then.
Autopickup is now off.
Autopickup is now on.
A quokka is nearby!
A quokka is nearby!
The quokka bites you. 😕 HP[-1]
You take 1 damage, and now have 9/10 hp.
You miss the quokka. You claw the quokka. Your peck misses the quokka.
The quokka bites you.
You are too injured to fight recklessly! 😮 HP[-3]
You take 3 damage, and now have 6/10 hp.
MASSIVE DAMAGE!! (PAUSE)
You miss the quokka. You claw the quokka, but do no damage.
The quokka bites you.
* * * LOW HITPOINT WARNING * * *
The quokka closely misses you. 😨 HP[-2]
You take 2 damage, and now have 4/10 hp.
You hit the quokka but do no damage. Your peck misses the quokka.
The quokka bites you.
Ouch! That really hurt!
You die...

Action                     || total
---------------------------++-------
  Melee: Unarmed           ||     3
         Kick              ||     2
   Cast: Foxfire           ||     1
  Dodge: Dodged            ||     1

Levels and vault maps discovered:
D:1:      matt_arrival_diagonals, layout_loops_ring,
          amcnicky_mini_rare_corridor_liquid, minmay_lizard_pond

Notes
Turn   | Place    | Note
-------+----------+-------------------------------------------
     0 | D:1      | kae the Tengu Fire Elementalist began the quest for the
                  | Orb.
     0 | D:1      | Reached XP level 1. HP: 10/10 MP: 4/4
     0 | D:1      | magus.rc [v1.11.3]
    61 | D:1      | Slain by a quokka

Vanquished Creatures (others)
  2 foxfires (D:1)
2 creatures vanquished.

Table legend:
 A = Non-vault XP
 B = Vault XP
 C = Vault XP percentage of total XP
 D = Non-vault monster count
 E = Vault monster count
 F = Vault count percentage of total count
                 A         B        C        D         E       F
            +---------+---------+-------+---------+---------+-------
      Total |       0 |       0 |   N/A |       0 |       0 |  -nan
            +---------+---------+-------+---------+---------+-------
            +---------+---------+-------+---------+---------+-------

Action                     || total
---------------------------++-------
  Melee: Unarmed           ||     3
         Kick              ||     2
   Cast: Foxfire           ||     1
  Dodge: Dodged            ||     1

Illustrated notes

Table legend: (Time is in decaauts)
 A = Elapsed time spent in this place.
 B = Non-inter-level travel time spent in this place.
 C = Inter-level travel time spent in this place.
 D = Time resting spent in this place.
 E = Time spent auto-exploring this place.
 F = Levels seen in this place.
 G = Mean time per level.
                   A        B        C        D        E       F      G
               +--------+--------+--------+--------+--------+-----+--------+
         Total |     61 |     61 |      0 |      0 |     51 |   1 |   61.0 |
       Dungeon |     61 |     61 |      0 |      0 |     51 |   1 |   61.0 |
               +--------+--------+--------+--------+--------+-----+--------+

Top non-repeatable levels by time:
     D:1: 61 daAuts
